 Dungeon Crawl Stone Soup version 0.29-a0-334-gb41bcbb86e (webtiles) character file.

Game seed: 10845562862104931258

1 spaghetti the Skirmisher (level 1, 4/24 HPs)
             Began as an Ogre Delver on Apr 13, 2022.
             Quit the game on level 4 of the Dungeon.
             The game lasted 00:00:14 (67 turns).

spaghetti the Skirmisher (Ogre Delver)                Turns: 67, Time: 00:00:14

Health: 4/24       AC:  3    Str: 15    XL:     1   Next: 20%
Magic:  1/1        EV:  9    Int: 11    God:
Gold:   13         SH:  0    Dex: 10    Spells: 0/0 levels left

rFire   . . .      SeeInvis .   a - +0 hand axe {axe}
rCold   . . .      Faith    .   (no shield)
rNeg    . . .      Spirit   .   b - +0 robe
rPois   .          Reflect  .   (helmet restricted)
rElec   .          Harm     .   (no cloak)
rCorr   .          Rampage  .   (gloves unavailable)
Will    .....                   (boots unavailable)
Stlth   ++........              (no amulet)
HPRegen 0.08/turn               (no ring)
MPRegen 0.07/turn               (no ring)

@: quite poisoned (4 -> 2)
A: large, unfitting armour, tough skin 1
a: no special abilities


You were on level 4 of the Dungeon.
You visited 1 branch of the dungeon, and saw 2 of its levels.

You collected 13 gold pieces.


Innate Abilities, Weirdness & Mutations

You are too large for most types of armour.
You have tough skin. (AC +1)


   Skills:
 + Level 4.1 Fighting
 - Level 2.0 Axes
 - Level 1.7 Dodging
 - Level 3.7 Stealth


You couldn't memorise any spells.
You didn't know any spells.
Your spell library was empty.

Inventory:

Hand Weapons
 a - a +0 hand axe (weapon) {axe}
Armour
 b - a +0 robe (worn)
Wands
 g - a wand of digging (3)
Scrolls
 c - a scroll of fog
 d - a scroll of magic mapping {!r}
 e - a scroll of fear
Potions
 f - a potion of haste {@q3}

Dungeon Overview and Level Annotations

Branches:
Dungeon (5/15)
 Temple: D:4-7

Altars:

#######
##.....##
##.......##
#.........#
#.........#
#.........#
#†@S>.....#
#.........#
#./.[......#
.............
..#..........##
# #............
.............
####.......###


You could see an adder.


Message History

🤖 Initializing magus.rc ...
Options error: Delay interrupt name "hungry" not recognised. (~/.crawlrc:4761) Options error: Bad monster_list_colour key: strict_neutral (~/.crawlrc:4776) ✅ Successfully initialized magus.rc [v1.9.6] Welcome, spaghetti the Ogre Delver.
The Orb of Zot is coveted for many reasons.
Will you seize it for your own?
Press ? for a list of commands and other information.
Found 13 gold pieces.
Found a stone staircase leading down.
You now have 13 gold pieces.
Key pressed, stopping explore.
Found a stone staircase leading up.
A phantom comes into view.
The phantom moves out of view.
There is a stone staircase leading up here.
You climb upwards.
There is a stone staircase leading down here.
Unknown command.
Unknown command.
The hobgoblin shouts!
You hear a shout!
The hobgoblin closely misses you.
The adder hisses angrily.
You hit the hobgoblin. The hobgoblin hits you. 😕 HP[-1]
You take 1 damage, and now have 23/24 hp.
You hit the hobgoblin but do no damage. The hobgoblin hits you. 😕 HP[-2]
You take 2 damage, and now have 21/24 hp.
You hit the hobgoblin. You closely miss the adder.
The adder bites you but does no damage. The hobgoblin closely misses you.
You closely miss the hobgoblin. You miss the adder.
The adder closely misses you. The hobgoblin hits you.
The adder bites you. 😮 HP[-5]
You take 5 damage, and now have 16/24 hp.
MASSIVE DAMAGE!! (PAUSE)
You closely miss the hobgoblin. You closely miss the adder.
The hobgoblin barely misses you. The adder bites you but does no damage.
The hobgoblin hits you. 😮 HP[-1]
You take 1 damage, and now have 15/24 hp.
You closely miss the hobgoblin. You hit the adder.
The adder closely misses you. The adder barely misses you.
The hobgoblin hits you but does no damage.
You barely miss the hobgoblin. You closely miss the adder.
The adder bites you but does no damage.
The hobgoblin hits you but does no damage.
You hit the hobgoblin.
You kill the hobgoblin!
You hit the adder. The adder bites you but does no damage.
The adder barely misses you. 😮 HP[+1]
You barely miss the adder. The adder barely misses you.
You barely miss the adder. The adder barely misses you.
The adder bites you. 😮 HP[-2]
You take 2 damage, and now have 14/24 hp.
You closely miss the adder. The adder bites you.
* * * LOW HITPOINT WARNING * * *
You are poisoned.
The adder poisons you! The adder barely misses you. 😨 HP[-2]
You take 2 damage, and now have 12/24 hp.
You closely miss the adder.
You feel sick.
The adder bites you but does no damage. 😨 HP[-2]
You take 2 damage, and now have 10/24 hp.
You miss the adder.
You feel sick. The adder bites you but does no damage. The adder bites you.
* * * LOW HITPOINT WARNING * * *
😨 HP[-3]
You take 3 damage, and now have 7/24 hp.
You closely miss the adder.
You feel sick. The adder bites you.
* * * LOW HITPOINT WARNING * * *
😱 HP[-3]
You take 3 damage, and now have 4/24 hp.
Unknown command.
Okay, then.
Are you sure you want to abandon this character and quit the game? (Confirm with "yes".)

Action                   || total
-------------------------++-------
Melee: Hand axe          ||    14
Armor: Robe              ||     8
Dodge: Dodged            ||    10

Levels and vault maps discovered:
D:4:      gammafunk_steamed_eel, layout_rooms, minivault_24,
          nicolae_stop_n_shop_1, uniq_robin
D:5:      layout_loops_cross, amcnicky_mini_pool_medium, uniq_edmund

Notes
Turn   | Place    | Note
-------+----------+-------------------------------------------
     0 | D:5      | spaghetti the Ogre Delver began the quest for the Orb.
     0 | D:5      | Reached XP level 1. HP: 24/24 MP: 1/1
     0 | D:5      | magus.rc [v1.9.6]
    46 | D:5      | Noticed a phantom
    66 | D:4      | HP: 5/24 [poisoned by an adder]
    67 | D:4      | Quit the game

Vanquished Creatures
  A hobgoblin (D:4)
1 creature vanquished.

Table legend:
 A = Non-vault XP
 B = Vault XP
 C = Vault XP percentage of total XP
 D = Non-vault monster count
 E = Vault monster count
 F = Vault count percentage of total count
                 A         B        C        D         E       F
            +---------+---------+-------+---------+---------+-------
      Total |       2 |       0 |   0.0 |       1 |       0 |   0.0
            +---------+---------+-------+---------+---------+-------
        D:4 |       2 |       0 |   0.0 |       1 |       0 |   0.0
            +---------+---------+-------+---------+---------+-------

Illustrated notes

Table legend:
 A = Kills in this place as a percentage of kills in entire the game.
 B = Kills by you in this place as a percentage of kills by you in the entire game.
 C = Kills by friends in this place as a percentage of kills by friends in the entire game.
 D = Other kills in this place as a percentage of other kills in the entire game.
 E = Experience gained in this place as a percentage of experience gained in the entire game.
 F = Experience gained in this place divided by the number of levels of this place that you have seen.
                   A       B       C       D       E      F
               +-------+-------+-------+-------+-------+----------------------
         Total | 100.0 | 100.0 |   N/A |   N/A | 100.0 |   1.0
       Dungeon | 100.0 | 100.0 |   N/A |   N/A | 100.0 |   1.0
               +-------+-------+-------+-------+-------+----------------------

Table legend: (Time is in decaauts)
 A = Elapsed time spent in this place.
 B = Non-inter-level travel time spent in this place.
 C = Inter-level travel time spent in this place.
 D = Time resting spent in this place.
 E = Time spent auto-exploring this place.
 F = Levels seen in this place.
 G = Mean time per level.
                   A        B        C        D        E       F      G
               +--------+--------+--------+--------+--------+-----+--------+
         Total |     69 |     69 |      0 |      0 |     45 |   2 |   34.5 |
       Dungeon |     69 |     69 |      0 |      0 |     45 |   2 |   34.5 |
               +--------+--------+--------+--------+--------+-----+--------+

Top non-repeatable levels by time:
     D:5: 50 daAuts
     D:4: 19 daAuts
